 Dungeon Crawl Stone Soup version 0.27-a0-1105-g946c659c87 (webtiles) character file.

Game seed: 10833781738318920734

133 kae the Chopper (level 5, -5/47 HPs)
             Began as a Hill Orc Fighter on Apr 29, 2021.
             Slain by a gnoll sergeant
             ... wielding a +0 trident
              (9 damage)
             ... on level 4 of the Dungeon.
             The game lasted 00:01:26 (2447 turns).

kae the Chopper (Hill Orc Fighter)                  Turns: 2447, Time: 00:01:27

Health: -5/47      AC:  9    Str: 20    XL:     5   Next: 16%
Magic:  5/5        EV:  7    Int:  8    God:
Gold:   140        SH:  9    Dex: 10    Spells: 4/4 levels left

rFire    . . .     SeeInvis .   a - +0 war axe
rCold    . . .     Faith    .   c - +0 kite shield
rNeg     . . .     Spirit   .   b - +0 scale mail
rPois    +         Reflect  .   (no helmet)
rElec    .         Harm     .   d - +1 cloak {rCorr}
rCorr    +         Rampage  .   (no gloves)
Will     .....                  (no boots)
Stlth    ..........             (no amulet)
HPRegen  0.15/turn              e - ring of poison resistance
MPRegen  0.09/turn              (no ring)

@: no status effects
A: no striking features
a: no special abilities


You were on level 4 of the Dungeon.
You visited 1 branch of the dungeon, and saw 4 of its levels.

You collected 140 gold pieces.

Inventory:

Hand Weapons
 a - a +0 war axe (weapon)
Armour
 b - a +0 scale mail (worn)
 c - a +0 kite shield (worn)
 d - a +1 cloak of preservation (worn)
Jewellery
 e - a ring of poison resistance (left hand)
 h - a ring of resist corrosion
Scrolls
 g - a scroll of magic mapping
Potions
 f - a potion of might
 i - 2 potions of curing {unknown}


   Skills:
 + Level 4.6 Fighting
 * Level 5.2 Axes
 + Level 4.1 Armour
 - Level 3.2 Shields


You had 4 spell levels left.
You didn't know any spells.
Your spell library was empty.

Dungeon Overview and Level Annotations

Branches:
Dungeon (4/15)
 Temple: D:4-7

Altars:
Cheibriados
Fedhas

Annotations:
D:3 1 runed translucent door, Mgcat's ghost, amateur OpFi


Message History

You barely miss the gnoll sergeant.
The gnoll sergeant is lightly wounded.
You block the gnoll sergeant's attack.
You slash the gnoll sergeant!
The gnoll sergeant is moderately wounded.
The gnoll sergeant completely misses you.
You block the gnoll sergeant's attack.
You barely miss the gnoll sergeant.
The gnoll sergeant is moderately wounded.
You block the gnoll sergeant's attack.
You slash the gnoll sergeant!
The gnoll sergeant is severely wounded.
The gnoll sergeant hits you but does no damage.
The gnoll sergeant hits you with a +0 trident.
Your scale mail prevents you from hitting the gnoll sergeant.
The gnoll sergeant is severely wounded.
You block the gnoll sergeant's attack.
Your shield prevents you from hitting the gnoll sergeant.
The gnoll sergeant is severely wounded.
You block the gnoll sergeant's attack. x2
You barely miss the gnoll sergeant.
The gnoll sergeant is severely wounded.
The gnoll sergeant hits you with a +0 trident!
You are too injured to fight recklessly!
You hit the gnoll sergeant.
The gnoll sergeant is severely wounded.
You block the gnoll sergeant's attack.
The gnoll sergeant hits you with a +0 trident!
* * * LOW HITPOINT WARNING * * *
You hit the gnoll sergeant.
The gnoll sergeant is almost dead.
The gnoll sergeant barely misses you.
You are too injured to fight recklessly!
You are too injured to fight recklessly!
You hit the gnoll sergeant but do no damage.
The gnoll sergeant is almost dead.
The gnoll sergeant hits you with a +0 trident!
* * * LOW HITPOINT WARNING * * *
The gnoll sergeant hits you with a +0 trident!
You die...

.. . ##. #g.
#g# #g# #g#
##### #@# #...#
##.# #...#
###..# ##...#
#...##
###...####.###
####...#.###..#
.........##..##
............##
..........###


You could see a gnoll sergeant and 3 gnolls.

Vanquished Creatures
  A jelly (D:3)
  2 gnolls
  An adder skeleton (D:3)
  2 worms
  4 dart slugs
  An orc (D:3)
  7 ball pythons
  5 bats
  9 endoplasms
  2 giant cockroaches
  6 goblins
  5 hobgoblins
  9 kobolds
  2 quokkas
  2 frilled lizards
  3 rats
61 creatures vanquished.

Vanquished Creatures (others)
  5 fungi (D:3)
  A plant (D:3)
  10 toadstools (D:2)
  2 withered plants (D:3)
18 creatures vanquished.

Grand Total: 79 creatures vanquished

Notes
Turn   | Place    | Note
-------+----------+-------------------------------------------
     0 | D:1      | kae the Hill Orc Fighter began the quest for the Orb.
     0 | D:1      | Reached XP level 1. HP: 19/19 MP: 1/1
    51 | D:1      | Reached skill level 3 in Axes
   145 | D:1      | Found a faded altar of an unknown god.
   217 | D:1      | Reached XP level 2. HP: 16/27 MP: 2/2
   528 | D:1      | Reached XP level 3. HP: 33/33 MP: 3/3
   758 | D:1      | Reached skill level 4 in Axes
  1217 | D:2      | Reached XP level 4. HP: 31/40 MP: 4/4
  1558 | D:3      | Found a blossoming altar of Fedhas.
  1559 | D:3      | Identified a scroll of acquirement
  1560 | D:3      | Acquired a +1 cloak of preservation
  2076 | D:3      | Found a runed translucent door.
  2076 | D:3      | Noticed Mgcat's ghost (amateur OpFi)
  2199 | D:4      | Noticed an ogre
  2306 | D:4      | Found a snail-covered altar of Cheibriados.
  2312 | D:3      | Reached skill level 5 in Axes
  2312 | D:3      | Reached XP level 5. HP: 46/47 MP: 5/5
  2447 | D:4      | Slain by a gnoll sergeant

Illustrated notes

Levels and vault maps discovered:
D:1:      dpeg_arrival_renting, layout_rooms,
          hellmonk_ecumenical_altar_inner_sanctum
D:2:      cheibrodos_fertilizer, layout_rooms, minmay_pentomino_r2
D:3:      layout_loops_ring, fedhas_altar_3, gammafunk_ghost_grave
D:4:      layout_rooms, slow_altar_1, minmay_temple_entry_antechambers,
          minmay_puff

Skill      XL: |  1  2  3  4 |
---------------+-------------+-----
Axes           | 3 4 5 |  5.2
Fighting       | 4 |  4.6
Armour         | 4 |  4.1
Shields        | |  3.2

Action                   |  1- 3 |  4- 6 || total
-------------------------+-------+-------++-------
Melee: War axe           |    89 |    80 ||   169
  Use: Potion            |     1 |       ||     1
       Scroll            |     2 |     3 ||     5
Armor: Scale mail        |    22 |    25 ||    47
Dodge: Dodged            |    31 |    24 ||    55
Block: Kite shield       |    42 |    45 ||    87

Table legend: (Time is in decaauts)
 A = Elapsed time spent in this place.
 B = Non-inter-level travel time spent in this place.
 C = Inter-level travel time spent in this place.
 D = Time resting spent in this place.
 E = Time spent auto-exploring this place.
 F = Levels seen in this place.
 G = Mean time per level.
                   A        B        C        D        E       F      G
               +--------+--------+--------+--------+--------+-----+--------+
         Total |   2535 |   2384 |    151 |      0 |   1936 |   4 |  633.8 |
       Dungeon |   2535 |   2384 |    151 |      0 |   1936 |   4 |  633.8 |
               +--------+--------+--------+--------+--------+-----+--------+

Top non-repeatable levels by time:
     D:1: 962 daAuts
     D:3: 769 daAuts
     D:2: 648 daAuts
     D:4: 155 daAuts
